 Dungeon Sprint DCSS version 0.17-a0-1562-g9b2c768 (console) character file.

11 FIQ the Ruffian (level 2, 0/24 HPs)
             Began as a Draconian Transmuter on July 21, 2015.
             Was an Initiate of Okawaru.
             Splashed by a jelly's acid (6 damage)
             ... in the Dungeon (Sprint IX: "|||||||||||||||||||||||||||||").
             The game lasted 00:02:56 (262 turns).

FIQ the Ruffian (Draconian Transmuter)               Turns: 262, Time: 00:02:56

Health: 0/24       AC: -3    Str: 12    XL:     2   Next: 13%
Magic:  4/5        EV: 13    Int: 16    God:    Okawaru [......]
Gold:   0          SH:  0    Dex: 14    Spells: 1 memorised, 4 levels left

rFire  . . .     SeeInvis .       - Unarmed
rCold  . . .     Clarity  .     (armour unavailable)
rNeg   . . .     SustAt   .     (no shield)
rPois  .         Gourm    .     (helmet restricted)
rElec  .         Spirit   .     (no cloak)
rCorr  .         Warding  .     o - +0 pair of gloves
rMut   .         NoTele   +     (boots currently unavailable)
MR     .....                    (no amulet)
Stlth  +.........               q - +3 ring of intelligence
                                p - +3 ring of dexterity

@: appendage, corroded equipment, not resistant to hostile enchantments, very
unstealthy
A: unfitting armour, talons 3, cold-blooded, AC +4
a: End Transformation, Renounce Religion


You were in the Dungeon.
You worshipped Okawaru.
Okawaru was noncommittal.
You were not hungry.
You had grown temporary talons.
You visited 1 branch

Inventory:

Missiles
 a - 12 arrows
Armour
 o - a +0 pair of gloves (worn)
Jewellery
 p - a +3 ring of dexterity (left hand)
 q - a +3 ring of intelligence (right hand)
Magical devices
 n - a wand of cold (7)
Scrolls
 i - 2 scrolls of blinking
 l - 3 scrolls of remove curse
 m - 2 scrolls of amnesia
Potions
 d - 5 potions of curing
 e - 3 potions of heal wounds
 f - a potion of haste
 g - 4 potions of magic
 h - a potion of berserk rage
 k - a potion of invisibility
Books
 b - a book of Changes

   Spells                             Type                      Level
   a - Beastly Appendage              Transmutation                1
   b - Sticks to Snakes               Transmutation                2
   c - Spider Form                    Transmutation/Poison         3
   d - Ice Form                       Ice/Transmutation            4
   e - Blade Hands                    Transmutation                5
Comestibles
 c - a bread ration


   Skills:
 + Level 2.1 Fighting
 + Level 2.5 Dodging
 + Level 3.7 Unarmed Combat
 + Level 2.3 Spellcasting
 + Level 2.7 Transmutations


You had 4 spell levels left.
You knew the following spells:

 Your Spells              Type           Power        Failure   Level  Hunger
a - Beastly Appendage     Trmt           ##....       10%         1    #......


Dungeon Overview and Level Annotations

Branches:
Dungeon (1/1)

Altars:
Cheibriados
Dithmenos
Elyvilon
Fedhas
Gozag
Kikubaaqudgha
Makhleb
Nemelex Xobeh
Okawaru
Qazlal
Ru
Sif Muna
Trog
Vehumet
Xom
Yredelemnul
Zin
The Shining One
Beogh
Jiyva
Lugonu


Innate Abilities, Weirdness & Mutations

Your plain brown scales are hard (AC +4).
Your body does not fit into most forms of armour.
You are cold-blooded and may be slowed by cold attacks.
You have claws for feet.


Message History

The troll shouts!
The worker ant twitches its antennae in your direction.
The orc warrior shouts!
Casting: Beastly Appendage
Confirm with . or Enter, or press ? or * to list all spells.
Okay, then.
You can't go down here!
Casting: Beastly Appendage
Confirm with . or Enter, or press ? or * to list all spells.
Your feet morph into talons.
The jelly hits you.
You are splashed with acid!
The acid burns!
All of the chunks of flesh in your inventory have rotted away.
You hit the jelly.
Your hands burn!
You claw the jelly.
The jelly is moderately wounded.
The jelly hits you but does no damage.
You hit the jelly but do no damage. The acid corrodes you!
Your hands burn!
The jelly is moderately wounded.
The jelly hits you.
* * * LOW HITPOINT WARNING * * *
You are splashed with acid!
The acid corrodes you!
The acid burns!
You die...

▓_▓
▓'▓
▓.▓
▓.▓
▓|▓
▓)▓
▓[▓
▓.▓
▓[▓
▓.▓
▓@▓
▓J▓
▓T▓
▓g▓
▓.▓
▓n▓
▓a▓
▓o▓


You could see a troll, an orc warrior, a necrophage, a jelly, a worker ant and a
hobgoblin.

Vanquished Creatures
  A giant gecko (D)
  A bat skeleton (D)
  A giant cockroach (D)
  A hobgoblin (D)
  A jackal (D)
  A bat (D)
  A giant newt (D)
  A goblin (D)
  2 rats (D)
10 creatures vanquished.

Vanquished Creatures (others)
  A spatial maelstrom (D)
1 creature vanquished.

Grand Total: 11 creatures vanquished

Notes
Turn   | Place    | Note
--------------------------------------------------------------
     0 | D        | FIQ the Draconian Transmuter began the quest for the Orb.
     0 | D        | Reached XP level 1. HP: 16/16 MP: 3/3
     2 | D        | Banished a spatial maelstrom
    78 | D        | Reached XP level 2. HP: 8/24 MP: 3/5
    91 | D        | Found a glowing silver altar of Zin.
    91 | D        | Found a glowing golden altar of the Shining One.
    91 | D        | Found an ancient bone altar of Kikubaaqudgha.
    91 | D        | Found a basalt altar of Yredelemnul.
    91 | D        | Found a shimmering altar of Xom.
    91 | D        | Found a radiant altar of Vehumet.
    92 | D        | Found an iron altar of Okawaru.
    93 | D        | Found a burning altar of Makhleb.
    94 | D        | Found a deep blue altar of Sif Muna.
    95 | D        | Found a bloodstained altar of Trog.
    96 | D        | Found a sparkling altar of Nemelex Xobeh.
    97 | D        | Found a white marble altar of Elyvilon.
    98 | D        | Found a roughly hewn altar of Beogh.
    99 | D        | Found a viscous altar of Jiyva.
   100 | D        | Found a corrupted altar of Lugonu.
   101 | D        | Found a blossoming altar of Fedhas.
   102 | D        | Found a snail-covered altar of Cheibriados.
   103 | D        | Found a shadowy altar of Dithmenos.
   104 | D        | Found a stormy altar of Qazlal.
   105 | D        | Found an opulent altar of Gozag.
   106 | D        | Found a sacrificial altar of Ru.
   114 | D        | Became a worshipper of Warmaster Okawaru
   259 | D        | Noticed a jelly
   259 | D        | Noticed a troll
   259 | D        | Noticed a necrophage
   259 | D        | Noticed a worker ant
   259 | D        | Noticed an orc warrior
   262 | D        | Splashed by a jelly's acid

Vault maps used:
D:        linesprint

Action                   || total
-------------------------++-------
Melee: Unarmed           ||    38
 Cast: Beastly Appendage ||     3
